 Dungeon Crawl Stone Soup version 0.31-a0-175-g9f7f995f2b (webtiles) character file.

Game seed: 4407134358235058988

66 qw the Shooter (level 4, -8/28 HPs)
             Began as a Gargoyle Hunter on June 16, 2023.
             Killed from afar by Ijyb (17 damage)
             ... with a bolt of light
             ... on level 2 of the Dungeon.
             The game lasted 00:00:38 (1585 turns).

qw the Shooter (Gargoyle Hunter)                    Turns: 1585, Time: 00:00:39

Health: -8/28      AC:  9    Str: 15    XL:     4   Next: 15%
Magic:  4/4        EV: 11    Int:  9    God:
Gold:   59         SH:  0    Dex: 15    Spells: 3/3 levels left

rFire   . . .        Y - +1 shortbow
rCold   . . .        (shield currently unavailable)
rNeg    + . .        e - +0 ring mail
rPois   inf          (no helmet)
rElec   +            (no cloak)
rCorr   .            d - +0 pair of gloves
SInv    .            (no boots)
Will    .....        g - amulet of faith
Stlth   +            (no ring)
HPRegen 0.24/turn    (no ring)
MPRegen 0.09/turn

%: faith
@: no status effects
A: sickness immunity, AC +3, negative energy resistance 1, electricity
resistance, torment resistance 1, petrification resistance
a: no special abilities


You were on level 2 of the Dungeon.
You visited 1 branch of the dungeon, and saw 3 of its levels.

You collected 101 gold pieces.
You spent 42 gold pieces at shops.


Innate Abilities, Weirdness & Mutations

You are immune to sickness and miasma.
Your stone body is resilient. (AC +3)
You are immune to poison.
You resist negative energy. (rN+)
You are resistant to electric shocks. (rElec)
You are resistant to unholy torment.
You are immune to petrification.


   Skills:
 - Level 3.2 Fighting
 - Level 5.1 Ranged Weapons
 + Level 0.0 Armour
 - Level 1.5 Dodging
 - Level 1.1 Stealth


You had 3 spell levels left.
You didn't know any spells.
Your spell library was empty.

Inventory:

Hand Weapons
 Y - a +1 shortbow (weapon)
Armour
 d - a +0 pair of gloves (worn)
 e - a +0 ring mail (worn)
Jewellery
 g - an amulet of faith (around neck)
Potions
 f - a potion of curing
 h - a potion of might {unknown}
 j - a potion of attraction {unknown}

Dungeon Overview and Level Annotations

Branches:
Dungeon (3/15)

Altars:

Shops:
D:2 !

Annotations:
D:2 Ijyb


Message History

What level of the Dungeon? (default 1, ? - help)
There is a stone staircase leading down here.
You climb downwards.
There is a stone staircase leading up here.
Ijyb is nearby!
Waypoint 2 assigned to D:3.
You shoot an arrow. The arrow hits Ijyb!
Ijyb is moderately wounded.
You shoot an arrow. The arrow barely misses Ijyb.
You shoot an arrow. The arrow hits Ijyb.
Ijyb is heavily wounded.
Ijyb closely misses you.
You shoot an arrow. The arrow hits Ijyb but does no damage.
Ijyb is heavily wounded.
Ijyb zaps a wand.
The bolt of light hits you!
Ouch! That really hurt!
Ijyb hits you with a +0 dagger.
1583 ||| STAIRDANCE Ijyb hits you but does no damage.
You climb upwards.
There is a stone staircase leading down here.
Enter note:
Enter note:
Enter note:
Enter note:
Enter note:
Enter note:
Enter note:
Enter note:
Enter note:
Enter note:
Enter note:
Enter note:
Enter note:
Enter note:
Enter note: You shoot an arrow.
The arrow hits Ijyb but does no damage.
Ijyb is heavily wounded.
Ijyb zaps a wand.
The bolt of light hits you!
Ouch! That really hurt!
You die...

#
########################
#......................#
#.####################.#
#.# #......#....#.# #.#
#...........#.# #.#
#########.#.####.# #.#
#@................ #.#
##g##.#####%#..#.# #.#
#.##.### #.#..#.# #.#
#......# #.#..#..
#.#######.....###.#..#..
#..........8...).....#..
#####...................
#................#..
#........####.#..#..


You could see Ijyb.

Vanquished Creatures
  A howler monkey skeleton (D:2)
  An adder zombie (D:2)
  An adder skeleton (D:2)
  4 dart slugs
  5 bats
  A bat skeleton (D:2)
  2 endoplasms
  2 giant cockroaches (D:1)
  2 goblins (D:2)
  2 hobgoblins (D:2)
  4 jackals (D:1)
  A quokka (D:1)
  3 ball pythons
  A ball python zombie (D:2)
  3 frilled lizards (D:1)
  2 giant cockroach zombies (D:2)
  2 kobolds (D:2)
  A quokka zombie (D:2)
  7 rats
45 creatures vanquished.

Notes
Turn   | Place    | Note
-------+----------+-------------------------------------------
     0 | D:1      | qw the Gargoyle Hunter began the quest for the Orb.
     0 | D:1      | Reached XP level 1. HP: 12/12 MP: 1/1
     0 | D:1      | 0 ||| qw: Version: 0.2-a-29-g511e9b1
     0 | D:1      | 0 ||| qw: Game counter: 5826
     0 | D:1      | 0 ||| qw: Always use a shield: true
     0 | D:1      | 0 ||| qw: God list: Okawaru
     0 | D:1      | 0 ||| qw: Allow faded altars: false
     0 | D:1      | 0 ||| qw: Do Orc after D:15 true
     0 | D:1      | 0 ||| qw: Do second Lair branch before Depths: true
     0 | D:1      | 0 ||| qw: Lair rune preference: random
     0 | D:1      | 0 ||| qw: Plans: Normal, Zot:1-4, Slime:5, God:TSO, Crypt,
                  | Tomb, Abyss, Pan, Hells, Win
     0 | D:1      | 0 ||| PLANNING D:1-11
    60 | D:1      | Reached XP level 2. HP: 12/17 MP: 2/2
   369 | D:1      | Reached XP level 3. HP: 21/21 MP: 3/3
   558 | D:1      | Reached skill level 5 in Ranged Weapons
   724 | D:1      | 724 ||| UPGRADING to amulet of faith.
   729 | D:1      | 729 ||| READING scroll labelled BUNOURCH XAOWK.
   730 | D:1      | 730 ||| READING scroll labelled VADEDI ECOIRO.
   731 | D:1      | 731 ||| READING scroll labelled JAPNUY DA JOSA.
   732 | D:1      | 732 ||| READING scroll labelled HOACUF BUMESE.
   733 | D:1      | 733 ||| READING scroll labelled NUSUBU RIWUW.
   734 | D:1      | 734 ||| DROPPING scroll of butterflies.
   789 | D:2      | 789 ||| DROPPING +1 heavy sling.
  1102 | D:2      | Found Luavohen's Distillery.
  1114 | D:2      | 1114 ||| SHOPLISTING 2 potions of attraction (84 gold, have
                  | 51).
  1114 | D:2      | 1114 ||| BUYING potion of curing (42 gold).
  1114 | D:2      | Bought a potion of curing for 42 gold pieces
  1114 | D:2      | 1114 ||| SHOPLISTING potion of curing (42 gold, have 9).
  1114 | D:2      | 1114 ||| SHOPLISTING potion of might (56 gold, have 9).
  1114 | D:2      | 1114 ||| SHOPLISTING potion of resistance (140 gold, have
                  | 9).
  1127 | D:2      | Reached skill level 3 in Fighting
  1137 | D:2      | Reached XP level 4. HP: 27/28 MP: 4/4
  1517 | D:2      | 1517 ||| UPGRADING to +0 pair of gloves.
  1522 | D:2      | 1522 ||| UPGRADING to +0 ring mail.
  1532 | D:2      | 1532 ||| DROPPING +0 leather armour.
  1533 | D:2      | 1533 ||| READING 2 scrolls labelled USCHIR SASI.
  1534 | D:2      | 1534 ||| READING scroll labelled INWUENIUSM.
  1537 | D:2      | 1537 ||| READING scroll labelled FIXTEV GEMUB.
  1538 | D:2      | 1538 ||| DROPPING scroll of revelation.
  1578 | D:3      | Noticed Ijyb
  1583 | D:3      | 1583 ||| STAIRDANCE
  1585 | D:2      | Killed from afar by Ijyb

Levels and vault maps discovered:
D:1:      dpeg_arrival_ratfight, layout_basic
D:2:      layout_basic, serial_undead, serial_undead_a, serial_undead_d,
          serial_undead_d, serial_undead_c, serial_shops, shop
D:3:      layout_rooms, minmay_hedge_maze, grunt_decor_cap, st_stairs_4,
          hangedman_decor_opposing, grunt_ministairs_8,
          chequers_hall_statues_wall_a, uniq_ijyb

Skill      XL: |  1  2  3 |
---------------+----------+-----
Ranged Weapons | 5 |  5.1
Fighting       | 3 |  3.2
Dodging        | |  1.5
Stealth        | |  1.1

Action                     |  1- 3 |  4- 6 || total
---------------------------+-------+-------++-------
   Fire: Shortbow          |   118 |    15 ||   133
    Use: Scroll            |     5 |     3 ||     8
 Armour: Leather armour    |    27 |       ||    27
         Ring mail         |       |     1 ||     1
  Dodge: Dodged            |    31 |     1 ||    32

Table legend:
 A = Non-vault XP
 B = Vault XP
 C = Vault XP percentage of total XP
 D = Non-vault monster count
 E = Vault monster count
 F = Vault count percentage of total count
                 A         B        C        D         E       F
            +---------+---------+-------+---------+---------+-------
      Total |      60 |      35 |  36.8 |      32 |      13 |  28.9
            +---------+---------+-------+---------+---------+-------
        D:1 |      38 |       5 |  11.6 |      20 |       5 |  20.0
        D:2 |      22 |      30 |  57.7 |      12 |       8 |  40.0
            +---------+---------+-------+---------+---------+-------
